cohdb
Replays
Latest Replays
All Replays
Popular Replays
Top Player Replays
Match Explorer
How It Works
Community
CoH3 Stats
Reddit
Sign in to upload your games and track your stats! →
Sign in with Steam
Match 43532883
Unlisted
Match 43532883
Overview
Messages
Build Orders
End
Construct Barracks
Riflemen Squad
Riflemen Squad
M1 Mortar Team
Infantry Support Center
Grenade Package
Selects Advanced Infantry Battlegroup
Selects Convert to Ranger Squad
Advanced Logistics
Munitions Surplus
Selects Frontline Medical Station
Frontline Medical Station
Convert to Ranger Squad
Survival Training
Construct Tank Depot
Convert to Ranger Squad
Ranger Squad
M4(105) Sherman Bulldozer
M4(105) Sherman Bulldozer
Engineer Squad
Selects Ranger Weapon Training
Selects Ammunition Storage
Selects M2A1 105mm Howitzer Emplacement
Selects Free Fire Drills
M4A1 Sherman Medium Tank
M4A1 Sherman Medium Tank
M4A1 Sherman Medium Tank
Frontline Medical Station
Ares
Douzer
klenman755
RADO(SVK)
Supersaiyajin
tosken
Legionary
FrostyTheDopeMan
0
0
Comments
sign in to comment!
No comments posted yet!